 Dungeon Crawl Stone Soup version 0.24-a0-458-gfcb5e6da0e (webtiles) character file.

Game seed: 5043291867535575878

815 forest the Covert (level 7, 0/35 HPs)
             Began as a Spriggan Assassin on June 27, 2019.
             Succumbed to a gnoll's poison
             ... on level 5 of the Dungeon.
             The game lasted 00:10:46 (6195 turns).

forest the Covert (Spriggan Assassin)               Turns: 6195, Time: 00:10:47

Health: 0/35       AC:  3    Str:  8    XL:     7   Next: 62%
Magic:  8/8        EV: 22    Int: 13    God:
Gold:   184        SH:  0    Dex: 18    Spells: 6/6 levels left

rFire    . . .     SeeInvis +   y - +2 dagger (venom)
rCold    . . .     Gourm    .   (shield restricted)
rNeg     . . .     Faith    .   b - +0 robe
rPois    .         Spirit   .   (helmet restricted)
rElec    .         Reflect  .   c - +0 cloak
rCorr    .         Harm     .   (gloves unavailable)
MR       +....                  (boots unavailable)
Stlth    ++++......             (no amulet)
HPRegen  0.11/turn              (no ring)
MPRegen  0.11/turn              (no ring)

@: lethally poisoned (0 -> -25), very quick
A: very small, unfitting armour, see invisible, herbivore, speed 3, slow
metabolism 2
a: no special abilities


You were on level 5 of the Dungeon.
You were not hungry.

You visited 1 branch of the dungeon, and saw 5 of its levels.

You collected 184 gold pieces.

Inventory:

Hand Weapons
 y - a +2 dagger of venom (weapon)
Missiles
 d - 3 poisoned darts (quivered)
 e - 6 curare-tipped darts
 k - 209 stones
 o - 62 sling bullets
 q - 9 boomerangs
Armour
 b - a +0 robe (worn)
 c - a +0 cloak (worn)
Scrolls
 a - a scroll of blinking {unknown}
 h - 2 scrolls of enchant weapon {unknown}
 n - 5 scrolls of remove curse {unknown}
 p - 2 scrolls of noise {unknown}
 r - 3 scrolls of identify {unknown}
 s - a scroll of random uselessness {unknown}
 u - 2 scrolls of magic mapping {unknown}
 v - a scroll of enchant armour {unknown}
 x - 2 scrolls of teleportation {unknown}
Potions
 g - 2 potions of flight {unknown}
 i - a potion of berserk rage {unknown}
 j - 2 potions of mutation {unknown}
 l - 3 potions of curing {unknown}
 m - 3 potions of agility {unknown}
 t - a potion of might {unknown}
 w - a potion of degeneration {unknown}
 z - a potion of heal wounds {unknown}
 A - 2 potions of lignification {unknown}
Comestibles
 f - 8 rations


   Skills:
 + Level 2.4 Fighting
 + Level 4.9 Short Blades
 + Level 4.2 Throwing
 + Level 5.9 Dodging
 + Level 9.1 Stealth


You had 6 spell levels left.
You didn't know any spells.
Your spell library was empty.

Dungeon Overview and Level Annotations

Branches:
Dungeon (5/15)
 Temple: D:4-7

Altars:
Trog


Innate Abilities, Weirdness & Mutations

You are very small and have problems with some larger weapons.
You are too small for most types of armour.
You have supernaturally acute eyesight. (SInv)
You are a herbivore.
You cover ground extremely quickly.
You need to consume almost no food.


Message History

You feel sick. The gnoll hits you but does no damage.
You are more poisoned.
You feel sick.
You feel sick.
* * * LOW HITPOINT WARNING * * *
You feel sick.
You kill the gnoll!
* * * LOW HITPOINT WARNING * * *
You feel sick.
* * * LOW HITPOINT WARNING * * *
You feel sick.
* * * LOW HITPOINT WARNING * * *
You feel sick.
* * * LOW HITPOINT WARNING * * *
You feel sick.
* * * LOW HITPOINT WARNING * * *
You feel sick.
* * * LOW HITPOINT WARNING * * *
You feel sick.
You die...

#...<...........#
###..............##
###................#
###..................#
#...##...#..........##
#.####...##.......###
### #...###...####
#...# ###.## ##..#
#.@####### #..#
##..#....### #..#
##........##
#.........##
#..........##
#...o.......#
#...........##
#..o.........#
#.....o.....##


You could see 2 orcs.

Vanquished Creatures
  2 ogres (D:4)
  A scorpion (D:4)
  A howler monkey (D:5)
  2 crimson imps (D:4)
  A bullfrog skeleton (D:4)
  2 orc wizards
  A hound (D:4)
  An iguana (D:4)
  5 worker ants (D:4)
  6 gnolls
  7 adders
  An ooze (D:1)
  A worm (D:2)
  5 dart slugs
  3 leopard geckos
  8 orcs
  3 ball pythons
  12 bats
  2 giant cockroaches
  6 goblins
  8 hobgoblins
  3 jackals (D:2)
  A quokka (D:5)
  8 frilled lizards
  7 kobolds
  2 leopard gecko skeletons (D:4)
  A quokka skeleton (D:4)
  10 rats
110 creatures vanquished.

Vanquished Creatures (others)
  A hobgoblin (D:3)
1 creature vanquished.

Grand Total: 111 creatures vanquished

Notes
Turn   | Place    | Note
-------+----------+-------------------------------------------
     0 | D:1      | forest the Spriggan Assassin began the quest for the Orb.
     0 | D:1      | Reached XP level 1. HP: 10/10 MP: 2/2
    39 | D:1      | Reached skill level 6 in Stealth
   106 | D:1      | Reached XP level 2. HP: 6/15 MP: 3/3
   661 | D:1      | Reached XP level 3. HP: 8/18 MP: 4/4
   980 | D:2      | Reached skill level 7 in Stealth
  1097 | D:2      | Found a bloodstained altar of Trog.
  1855 | D:2      | Reached XP level 4. HP: 21/23 MP: 5/5
  3006 | D:3      | Reached XP level 5. HP: 13/26 MP: 6/6
  3490 | D:2      | Reached skill level 8 in Stealth
  4341 | D:4      | Noticed an ogre
  4361 | D:4      | Reached XP level 6. HP: 30/30 MP: 7/7
  4930 | D:4      | Reached skill level 5 in Dodging
  4930 | D:4      | Reached XP level 7. HP: 35/35 MP: 8/8
  5262 | D:5      | Entered Level 5 of the Dungeon
  5846 | D:4      | Reached skill level 9 in Stealth
  6194 | D:5      | HP: 1/35 [poisoned by a gnoll]
  6195 | D:5      | Succumbed to a gnoll's poison

Levels and vault maps discovered:
D:1:      minmay_arrival_wavy_path, layout_loops_cross
D:2:      layout_basic, nicolae_overflow_hidden_temple, minmay_unequal
D:3:      layout_basic
D:4:      layout_loops_cross
D:5:      gammafunk_cloud_chamber, layout_cave_pods,
          minmay_temple_entry_junction, first_ration

Skill      XL: |  1  2  3  4  5  6  7 |
---------------+----------------------+-----
Stealth        | 6 7 8 9 |  9.1
Dodging        | 2 3 4 5 |  5.9
Short Blades   | 3 4 |  4.9
Fighting       | 2 |  2.4
Throwing       | 3 4 |  4.2

Action                   |  1- 3 |  4- 6 |  7- 9 || total
-------------------------+-------+-------+-------++-------
Melee: Dagger            |   147 |   135 |    90 ||   372
Throw: Dart              |     6 |    42 |       ||    48
 Stab: Sleeping          |    12 |    13 |     2 ||    27
       Distracted        |       |     1 |       ||     1
  Eat: Ration            |       |     1 |     1 ||     2
Armor: Robe              |    29 |     4 |    10 ||    43
Dodge: Dodged            |   150 |   120 |    72 ||   342

Table legend:
 A = Non-vault XP
 B = Vault XP
 C = Vault XP percentage of total XP
 D = Non-vault monster count
 E = Vault monster count
 F = Vault count percentage of total count
                 A         B        C        D         E       F
            +---------+---------+-------+---------+---------+-------
      Total |    1133 |      32 |   2.7 |     106 |       5 |   4.5
            +---------+---------+-------+---------+---------+-------
        D:1 |      47 |       0 |   0.0 |      26 |       0 |   0.0
        D:2 |      93 |      32 |  25.6 |      28 |       5 |  15.2
        D:3 |     133 |       0 |   0.0 |      21 |       0 |   0.0
        D:4 |     775 |       0 |   0.0 |      25 |       0 |   0.0
        D:5 |      85 |       0 |   0.0 |       6 |       0 |   0.0
            +---------+---------+-------+---------+---------+-------
